 Dungeon Crawl Stone Soup version 0.27-a0-277-g024f7ef292 (webtiles) character file.

Game seed: 13330817322792498146

3 ReteAZ the Skirmisher (level 1, 0/24 HPs)
             Began as an Ogre Delver on Feb 5, 2021.
             Slain by a hound zombie (1 damage)
             ... on level 5 of the Dungeon.
             The game lasted 00:01:00 (292 turns).

ReteAZ the Skirmisher (Ogre Delver)                  Turns: 292, Time: 00:01:00

Health: 0/24       AC:  3    Str: 15    XL:     1   Next: 50%
Magic:  1/1        EV: 10    Int:  7    God:
Gold:   53         SH:  0    Dex: 10    Spells: 0/0 levels left

rFire    . . .     SeeInvis .   a - +0 spear
rCold    . . .     Faith    .   (no shield)
rNeg     . . .     Spirit   .   b - +0 robe
rPois    .         Reflect  .   (helmet restricted)
rElec    .         Harm     .   (no cloak)
rCorr    .         Rampage  .   (gloves unavailable)
Will     .....                  (boots unavailable)
Stlth    ++........             (no amulet)
HPRegen  0.08/turn              i - -4 ring of intelligence (curse)
MPRegen  0.07/turn              (no ring)

@: hasted, very quick
A: large, unfitting armour, tough skin 1
a: no special abilities


You were on level 5 of the Dungeon.
You visited 1 branch of the dungeon, and saw 3 of its levels.

You collected 53 gold pieces.

Inventory:

Hand Weapons
 a - a +0 spear (weapon)
Missiles
 j - 12 sling bullets
Armour
 b - a +0 robe (worn)
Jewellery
 i - a cursed -4 ring of intelligence (left hand)
Wands
 g - a wand of digging (3)
Scrolls
 c - a scroll of fog
 d - a scroll of magic mapping
 e - a scroll of fear
 h - a scroll of teleportation {unknown}
Potions
 f - a potion of haste


   Skills:
 - Level 4.0 Fighting
 + Level 2.3 Polearms
 - Level 1.7 Dodging
 - Level 3.7 Stealth


You couldn't memorise any spells.
You didn't know any spells.
Your spell library was empty.

Dungeon Overview and Level Annotations

Branches:
Dungeon (5/15)
 Temple: D:4-7

Altars:


Innate Abilities, Weirdness & Mutations

You are too large for most types of armour.
You have tough skin. (AC +1)


Message History

You hit the hound zombie.
The hound zombie is moderately damaged.
The hound zombie barely misses you.
You barely miss the hound zombie.
The hound zombie is moderately damaged.
The hound zombie bites you.
* * * LOW HITPOINT WARNING * * *
You hit the hound zombie.
The hound zombie is heavily damaged.
You hit the hound zombie.
The hound zombie is heavily damaged.
The hound zombie bites you.
* * * LOW HITPOINT WARNING * * *
You hit the hound zombie.
The hound zombie is severely damaged.
The hound zombie bites you but does no damage.
You hit the hound zombie.
The hound zombie is almost destroyed.
The hound zombie bites you.
You die...

#..### ### #....# ..##
####...## ###.>.# #
##.##....###.....###.
####.......###..........
..##.#.....###..........
.....##.....##..........
................Z.......
................@...?..!
#....................#..
#...................##
..##.........[........
..##.......##.###....##
#.##...##.. ... ..#.#
.... .. #.##.#. .##.#
..... .. .# . .###...


You could see a hound zombie.

Vanquished Creatures
  A worm (D:4)
1 creature vanquished.

Notes
Turn   | Place    | Note
-------+----------+-------------------------------------------
     0 | D:5      | ReteAZ the Ogre Delver began the quest for the Orb.
     0 | D:5      | Reached XP level 1. HP: 24/24 MP: 1/1
   253 | D:4      | Noticed a worker ant
   290 | D:5      | HP: 1/24 [hound zombie (2)]
   292 | D:5      | Slain by a hound zombie

Illustrated notes

Levels and vault maps discovered:
D:3:      layout_loops_ring, serial_rivers, chequers_serial_rivers_small_a,
          chequers_serial_rivers_micro_a, chequers_serial_rivers_small_a,
          chequers_serial_rivers_room_a, chequers_serial_rivers_micro_c,
          chequers_serial_rivers_large_a, minmay_misc_feat_ornament,
          lemuel_blue_sif_altar
D:4:      layout_loops_ring, gammafunk_ghost_grave, uniq_natasha
D:5:      layout_cave_pools, minmay_temple_entry_statues_fountains

Action                   || total
-------------------------++-------
Melee: Spear             ||    22
  Use: Potion            ||     1
Armor: Robe              ||     4
Dodge: Dodged            ||     8

Table legend: (Time is in decaauts)
 A = Elapsed time spent in this place.
 B = Non-inter-level travel time spent in this place.
 C = Inter-level travel time spent in this place.
 D = Time resting spent in this place.
 E = Time spent auto-exploring this place.
 F = Levels seen in this place.
 G = Mean time per level.
                   A        B        C        D        E       F      G
               +--------+--------+--------+--------+--------+-----+--------+
         Total |    282 |    282 |      0 |    161 |      0 |   3 |   94.0 |
       Dungeon |    282 |    282 |      0 |    161 |      0 |   3 |   94.0 |
               +--------+--------+--------+--------+--------+-----+--------+

Top non-repeatable levels by time:
     D:4: 228 daAuts
     D:5: 51 daAuts
     D:3: 1 daAuts
